 Dungeon Crawl Stone Soup version 0.30-a0-439-g9e77e4d916 (webtiles) character file.

Game seed: 2605618589721088939

72 oldriver the Magician (level 4, -4/34 HPs)
             Began as a Mummy Necromancer on Dec 10, 2022.
             Constricted to death by Natasha (6 damage)
             ... on level 2 of the Dungeon.
             The game lasted 00:02:20 (1530 turns).

oldriver the Magician (Mummy Necromancer)           Turns: 1530, Time: 00:02:21

Health: -4/34      AC:  2    Str: 11    XL:     4   Next: 6%
Magic:  0/10       EV:  9    Int: 16    God:
Gold:   107        SH:  0    Dex: 12    Spells: 7/11 levels left

rFire   x . .      SeeInvis .    d - +0 short sword
rCold   + . .      Faith    +    (no shield)
rNeg    + + +      Spirit   .    a - +0 robe
rPois   ∞          Reflect  .    (no helmet)
rElec   .          Harm     .    (no cloak)
rCorr   .          Rampage  .    (no gloves)
Will    .....                    (no boots)
Stlth   ++........               (no amulet)
HPRegen 0.25/turn                (no ring)
MPRegen 0.12/turn                (no ring)

@: grasped by roots, constricted
A: cold resistance 1, negative energy resistance 3, torment resistance 2, heat
vulnerability 1, in touch with death 1, no potions, faith
a: no special abilities


You were on level 2 of the Dungeon.
You visited 1 branch of the dungeon, and saw 2 of its levels.

You collected 107 gold pieces.

Inventory:

Hand Weapons
 d - a +0 short sword (weapon)
Armour
 a - a +0 robe (worn)
Scrolls
 b - a scroll of fear {unknown}
 e - a scroll of vulnerability {unknown}


   Skills:
 + Level 2.5 Fighting
 - Level 1.5 Dodging
 - Level 1.5 Stealth
 + Level 4.2 Spellcasting
 - Level 4.0 Necromancy


You had 7 spell levels left.
You knew the following spells:

 Your Spells              Type           Power      Damage    Failure   Level
a - Necrotise             Necr           96%        1d8       3%          1
b - Vampiric Draining     Necr           24%        2d7       10%         3

Your spell library contained the following spells:

 Spells                   Type           Power      Damage    Failure   Level
 Animate Dead             Necr           24%        N/A       32%         4
 Agony                    Necr           24%        N/A       65%         5


Dungeon Overview and Level Annotations

Branches:
Dungeon (2/15)

Altars:

Annotations:
D:2 Natasha, Sigmund


Innate Abilities, Weirdness & Mutations

You are immune to poison.
Your flesh is cold resistant. (rC+)
You are immune to negative energy. (rN+++)
You are immune to unholy pain and torment.
You are vulnerable to heat. (rF-)
You are in touch with the powers of death.
You do not drink.
You have a special connection with the divine. (Faith)


Message History

The grasping roots constrict you. Natasha casts a spell at you.
The magic dart hits you. The grasping roots constrict you.
You escape the roots grasp.
Natasha zaps a wand.
The roots erupt in riotous growth!
The grasping roots grab you!
Natasha is unaffected.
The grasping roots constrict you.
Casting: Necrotise (safe; 3% risk of failure)
Confirm with . or Enter, or press ? or * to list all spells.
The spell is quite dangerous to miscast (10% risk of failure)!
Continue anyway?
Aiming: Vampiric Draining (quite dangerous; 10% risk of failure)
Press: ? - help, Shift-Dir - straight line, f - Natasha
Aim: Natasha, carrying a wand of roots (6)
You feel a surge of power!
You draw life force from Natasha.
You feel life coursing into your body. Natasha misses you.
The grasping roots constrict you.
* * * LOW HITPOINT WARNING * * *
You hit Natasha.
Natasha is moderately wounded.
Natasha claws you!
* * * LOW HITPOINT WARNING * * *
The grasping roots constrict you.
* * * LOW HITPOINT WARNING * * *
Unknown command.
You aren't carrying any items that you can evoke.
Unknown command.
Press: ? - help, v - describe, . - travel
Here: Natasha, carrying a wand of roots (6) (moderately wounded)
The floor.
Unknown command.
You aren't carrying any items that you can evoke.
Okay, then.
As you read the scroll labelled JIT ETHRECAU, it crumbles to dust.
The creatures around you are filled with an inner flame!
It was a scroll of immolation.
A kobold comes into view. It is wielding a +0 whip.
Natasha wildly gestures.
Natasha glows brightly for a moment.
Natasha claws you but does no damage. The grasping roots constrict you.
You die...

.. #.....)..#.. #.
##.#..#....#.#
#.###.#..##.#(..####
..##.#..##...#....###
#.##...........#.....
#.#.......)....#....#
#####...................##
#.............h...........####
#..##........@..g..†...# .....
##...............<.....# .....
#####...............### .....
##.............K.###.?...
##......................
##.#####.......###.....
####.#####............g..
#........##......###.....
#........#.......# ...(.


You could see Natasha (inner flame), a gnoll (inner flame) and a kobold.

Vanquished Creatures
  Natasha (D:2)
  An adder (D:2)
  3 dart slugs (D:1)
  4 ball pythons
  3 bats
  An endoplasm (D:1)
  A giant cockroach (D:1)
  2 goblins (D:1)
  4 hobgoblins
  4 kobolds
  3 quokkas (D:2)
  2 frilled lizards
  2 rats (D:1)
31 creatures vanquished.

Vanquished Creatures (collateral kills)
  A hobgoblin (D:2)
1 creature vanquished.

Grand Total: 32 creatures vanquished

Notes
Turn   | Place    | Note
-------+----------+-------------------------------------------
     0 | D:1      | oldriver the Mummy Necromancer began the quest for the Orb.
     0 | D:1      | Reached XP level 1. HP: 13/13 MP: 4/4
   198 | D:1      | Reached skill level 1 in Fighting
   219 | D:1      | Reached XP level 2. HP: 21/21 MP: 1/6
  1168 | D:2      | Noticed Sigmund
  1284 | D:2      | Gained mutation: You are in touch with the powers of death.
                  | [Mummy growth]
  1284 | D:2      | Reached XP level 3. HP: 23/27 MP: 4/8
  1289 | D:2      | Learned a level 3 spell: Vampiric Draining
  1496 | D:2      | Noticed Natasha
  1500 | D:2      | Killed Natasha
  1503 | D:2      | Reached XP level 4. HP: 34/34 MP: 1/10
  1521 | D:2      | Noticed Natasha
  1529 | D:2      | HP: 1/34 [constriction (2)]
  1530 | D:2      | Constricted to death by Natasha

Illustrated notes

Levels and vault maps discovered:
D:1:      erik_arrival_triangle_large, layout_loops_ring
D:2:      layout_rooms, uniq_crazy_yiuf_cottage, uniq_sigmund, uniq_natasha

Skill      XL: |  1  2  3 |
---------------+----------+-----
Spellcasting   | 3 4 |  4.2
Fighting       | 1 2 |  2.5
Dodging        | |  1.5
Stealth        | |  1.5
Necromancy     | |  4.0

Action                   |  1- 3 |  4- 6 || total
-------------------------+-------+-------++-------
Melee: Unarmed           |     2 |       ||     2
       Short sword       |     4 |     5 ||     9
 Cast: Necrotise         |    65 |     1 ||    66
       Vampiric Draining |     1 |     1 ||     2
  Use: Scroll            |       |     1 ||     1
Armor: Robe              |     5 |     1 ||     6
Dodge: Dodged            |    21 |     3 ||    24

Table legend: (Time is in decaauts)
 A = Elapsed time spent in this place.
 B = Non-inter-level travel time spent in this place.
 C = Inter-level travel time spent in this place.
 D = Time resting spent in this place.
 E = Time spent auto-exploring this place.
 F = Levels seen in this place.
 G = Mean time per level.
                   A        B        C        D        E       F      G
               +--------+--------+--------+--------+--------+-----+--------+
         Total |   1529 |   1464 |     65 |     64 |   1170 |   2 |  764.5 |
       Dungeon |   1529 |   1464 |     65 |     64 |   1170 |   2 |  764.5 |
               +--------+--------+--------+--------+--------+-----+--------+

Top non-repeatable levels by time:
     D:1: 1255 daAuts
     D:2: 274 daAuts
